 Dungeon Crawl Stone Soup version 0.16-a0-3855-gd2600ac (webtiles) character file.

185 abixa the Insei (level 5, -11/27 HPs)
             Began as a Vine Stalker Monk on Jan 31, 2015.
             Mangled by an iguana (12 damage)
             ... on level 4 of the Dungeon.
             The game lasted 00:07:45 (2510 turns).

abixa the Insei (Vine Stalker Monk)                 Turns: 2510, Time: 00:07:46

Health: -11/27     AC:  4    Str: 14    XL:     5   Next: 64%
Magic:  0/7        EV: 12    Int: 11    God:
Gold:   138        SH:  0    Dex: 16    Spells: 0 memorised, 4 levels left

rFire  . . .     SeeInvis .       - Unarmed
rCold  . . .     Clarity  .     p - +0 leather armour
rNeg   . . .     SustAb   .     (no shield)
rPois  .         Gourm    .     (no helmet)
rElec  .         Spirit   +     s - +0 cloak
rCorr  .         Warding  .     (no gloves)
rMut   .         Stasis   .     (no boots)
MR     .....                    (no amulet)
Stlth  ++........               (no ring)
                                (no ring)

@: not resistant to hostile enchantments, unstealthy
A: fangs 2, regeneration 1, magic shield, antimagic bite, no device heal 3, rot
immunity
a: no special abilities


You were on level 4 of the Dungeon.
You were not hungry.

You visited 1 branch of the dungeon, and saw 4 of its levels.

You collected 138 gold pieces.

Inventory:

Hand weapons
 b - a +0 hunting sling
 m - a cursed -1 short sword
 r - a +0 mace of protection
Missiles
 a - 16 poisoned needles
 c - 133 stones (quivered)
 d - 34 sling bullets
 t - 20 arrows
 u - 8 tomahawks
Armour
 p - a +0 leather armour (worn)
 s - a +0 cloak (worn)
Scrolls
 h - 5 scrolls of amnesia {unknown}
 j - 2 scrolls of enchant armour {unknown}
 l - a scroll of fear {unknown}
 n - 3 scrolls of identify {unknown}
 v - 2 scrolls of random uselessness {unknown}
Potions
 e - 2 potions of restore abilities {unknown}
 k - a potion of might {unknown}
 o - a potion of degeneration {unknown}
 q - a potion of curing {unknown}
Comestibles
 f - 3 meat rations
 g - 5 fruits
 i - 3 bread rations


   Skills:
 - Level 2.6 Fighting
 - Level 2.4 Dodging
 - Level 2.4 Stealth
 + Level 6.7 Unarmed Combat


You had 4 spell levels left.
You didn't know any spells.

Dungeon Overview and Level Annotations

Branches:
Dungeon (4/15)
 Temple: D:4-7

Altars:

Annotations:
D:3 Fusha's ghost, average MfHu


Innate Abilities, Weirdness & Mutations

You have extremely sharp teeth.
Your natural rate of healing is unusually fast.
When hurt, damage is shared between your health and your magic reserves.
Your bite disrupts and absorbs the magic of your enemies.
Potions and wands cannot restore your health.
You are immune to rotting.


Message History

You hit the iguana but do no damage.
The iguana is heavily wounded.
You punch the iguana!
The iguana is almost dead.
The iguana barely misses you.
You hit the iguana but do no damage. You bite the iguana, but do no damage.
The iguana is almost dead.
The iguana barely misses you.
You barely miss the iguana. Your bite misses the iguana.
The iguana is almost dead.
The iguana barely misses you.
You barely miss the iguana. You bite the iguana. You drain its power.
You feel invigorated.
The iguana is almost dead.
The iguana bites you!
* * * LOW HITPOINT WARNING * * *
You barely miss the iguana. Your bite misses the iguana.
The iguana is almost dead.
The iguana bites you!
You die...

#.# # #.# .#
##########.###.#
.......#.......
#.##.........#.#
......#...#.#...#
#............<...#
..........).l#...# ##
.....###.@......##.....
.........l....รท.......#
..........####...####.#
###....((...........#
.....(.(......##...#
.....>.(#...... ...#
............#.. ...#
##....######.......
..... .... ..


You could see an iguana and a giant gecko.

Vanquished Creatures
  An ogre (D:4)
  4 adders
  A giant cockroach (D:2)
  6 hobgoblins
  13 jackals
  A ball python (D:1)
  7 bats
  4 giant geckos
  6 giant newts
  3 goblins (D:2)
  12 kobolds
  7 rats
65 creatures vanquished.

Notes
Turn   | Place    | Note
--------------------------------------------------------------
     0 | D:1      | abixa, the Vine Stalker Monk, began the quest for the Orb.
     0 | D:1      | Reached XP level 1. HP: 11/11 MP: 1/1
   159 | D:1      | Reached XP level 2. HP: 16/16 MP: 3/3
   752 | D:2      | Reached XP level 3. HP: 16/19 MP: 4/4
   825 | D:2      | Reached skill level 5 in Unarmed Combat
  1023 | D:2      | Reached XP level 4. HP: 23/23 MP: 5/5
  1325 | D:3      | Noticed Fusha's ghost (average MfHu)
  2087 | D:3      | Reached skill level 6 in Unarmed Combat
  2461 | D:4      | Noticed an ogre
  2479 | D:4      | Killed an ogre
  2479 | D:4      | Reached XP level 5. HP: 27/27 MP: 7/7
  2509 | D:4      | HP: 1/27 [iguana (6)]
  2510 | D:4      | Mangled by an iguana

Action                   |  1- 3 |  4- 6 || total
-------------------------+-------+-------++-------
Melee: Unarmed           |   116 |    83 ||   199
 Fire: Hunting sling     |       |     8 ||     8
Throw: Stone             |     6 |       ||     6
 Stab: Distracted        |     1 |       ||     1
       Sleeping          |       |     1 ||     1
  Eat: Chunk             |       |     5 ||     5
